 Dungeon Crawl Stone Soup version 0.30-a0-883-g5ad918d77d (webtiles) character file.

Game seed: 6589577657668719689

236 gelatine the Chopper (level 5, -7/39 HPs)
             Began as a Demonspawn Gladiator on Mar 18, 2023.
             Mangled by Menkaure (15 damage)
             ... on level 4 of the Dungeon.
             The game lasted 00:05:43 (2054 turns).

gelatine the Chopper (Demonspawn Gladiator)         Turns: 2054, Time: 00:05:44

Health: -7/39      AC: 10    Str: 16    XL:     5   Next: 77%
Magic:  6/6        EV: 12    Int:  9    God:
Gold:   184        SH:  0    Dex: 15    Spells: 5/5 levels left

rFire   . . .      SeeInvis .    a - +0 war axe
rCold   . . .      Faith    .    (no shield)
rNeg    . . .      Spirit   .    k - +4 ring mail "Diwuc" {+Inv rCorr}
rPois   .          Reflect  .    c - +0 helmet
rElec   .          Rampage  .    (no cloak)
rCorr   +                        (no gloves)
Will    .....                    (no boots)
Stlth   +                        (no amulet)
HPRegen 0.26/turn                (no ring)
MPRegen 0.10/turn                (no ring)

@: mighty, hasted, very quick
A: foul stench 2
a: Evoke Invisibility


You were on level 4 of the Dungeon.
You visited 1 branch of the dungeon, and saw 3 of its levels.

You collected 184 gold pieces.

Inventory:

Hand Weapons
 a - a +0 war axe (weapon)
Missiles
 b - 13 poisoned darts (quivered)
 d - 3 throwing nets
Armour
 c - a +0 helmet (worn)
 k - the +4 ring mail "Diwuc" (worn) {+Inv rCorr}
   (You found it on level 2 of the Dungeon)

   +Inv:      It lets you turn invisible.
   rCorr:     It protects you from acid and corrosion.
Scrolls
 f - a scroll of identify {unknown}
 g - 2 scrolls of teleportation {unknown}
Potions
 h - a potion of might
 i - a potion of haste
 j - a potion of brilliance {unknown}
 l - a potion of heal wounds {unknown}
 m - 2 potions of lignification {unknown}


   Skills:
 * Level 2.5 Fighting
 * Level 4.0 Axes
 * Level 2.2 Throwing
 * Level 1.6 Armour
 * Level 3.5 Dodging
 * Level 1.1 Stealth
 * Level 0.8 Spellcasting
 * Level 1.0 Evocations


You had 5 spell levels left.
You didn't know any spells.
Your spell library was empty.

Dungeon Overview and Level Annotations

Branches:
Dungeon (2/15)

Altars:
Dithmenos
Okawaru

Annotations:
D:4 Menkaure


Innate Abilities, Weirdness & Mutations

You sometimes emit foul miasma when damaged in melee.


Message History

You throw a poisoned dart.
The poisoned dart closely misses the bullfrog.
The bullfrog closely misses you.
You closely miss the bullfrog. The bullfrog hits you.
You barely miss the bullfrog. The bullfrog closely misses you.
The bullfrog barely misses you.
Menkaure calls on the powers of darkness!
The endoplasm convulses!
The bullfrog convulses!
Your body is wracked with pain!
You completely miss the bullfrog.
The bullfrog is heavily wounded.
The bullfrog closely misses you.
The bullfrog hits you but does no damage.
Menkaure gestures wildly while chanting.
Menkaure seems to speed up.
You closely miss the bullfrog.
The bullfrog is heavily wounded.
The bullfrog barely misses you. The bullfrog hits you.
You slash the bullfrog!
The bullfrog is severely wounded.
The bullfrog hits you.
You emit a cloud of foul miasma!
The bullfrog is engulfed in dark miasma.
The bullfrog is poisoned.
The bullfrog closely misses you.
You closely miss the bullfrog.
The bullfrog is almost dead.
You kill the bullfrog!
Your Axes skill increases to level 4!
Your Evocations skill increases to level 1!
You barely miss Menkaure. Menkaure hits you.
* * * LOW HITPOINT WARNING * * *
Menkaure points at you and mumbles some strange words.
Pain shoots through your body!
* * * LOW HITPOINT WARNING * * *
It was a potion of might.
You feel very mighty all of a sudden. Menkaure closely misses you.
It was a potion of haste.
You feel yourself speed up.
Menkaure shouts, "The curse of the Pharaohs be upon you!"
Menkaure hits you!
You die...

#. #.#.....##.##...#.......
#.####.#.....##.###.##.......
###...).>......##.###÷##.....##
###....#####.....#.............#
..........##.....#..........##.##
.##.##.###.###.#..[.###.##.###...
##. #.# #.#######...#.# #### #..
#)#########.....##..#<# .#.#
#....#(..JM@#.#.##..#.#
.#.###.####.##h#.....###.#.#
..........# #)#.#.#)# #.#.#
##.#####.## (.#...).# #.#.#
#.#### .# '#######'###.#.##
#.##.. # #..h#......##.#..#
#.##.#### #ooO#.#..#.##.##.#
#.##.##.## .. #......##....#####
#.##.#.#.# #......##..†.....#


You could see Menkaure (fast), an endoplasm and a jackal.

Vanquished Creatures
  A bullfrog (D:4)
  A scorpion (D:4)
  An orc priest (D:4)
  Robin (D:4)
  An adder (D:2)
  A shadow imp (D:4)
  A worm (D:4)
  3 dart slugs (D:1)
  6 orcs (D:4)
  4 endoplasms (D:1)
  2 giant cockroaches (D:1)
  17 goblins
  4 hobgoblins
  2 quokkas (D:4)
  7 ball pythons
  2 bats
  A frilled lizard (D:1)
  11 kobolds
  2 rats (D:1)
68 creatures vanquished.

Notes
Turn   | Place    | Note
-------+----------+-------------------------------------------
     0 | D:1      | gelatine the Demonspawn Gladiator began the quest for the
                  | Orb.
     0 | D:1      | Reached XP level 1. HP: 16/16 MP: 1/1
   102 | D:1      | Gained mutation: You may rarely emit foul miasma when
                  | damaged in melee. [demonic ancestry]
   102 | D:1      | Reached XP level 2. HP: 20/22 MP: 2/2
   150 | D:1      | Found a faded altar of an unknown god.
   165 | D:1      | Reached skill level 3 in Axes
   685 | D:1      | Gained mutation: You sometimes emit foul miasma when
                  | damaged in melee. [demonic ancestry]
   685 | D:1      | Reached XP level 3. HP: 27/27 MP: 3/3
  1151 | D:2      | Identified the +4 ring mail "Diwuc" {+Inv rCorr}
  1220 | D:2      | You fall into a shaft and drop 2 floors!
  1220 | D:4      | Found an iron altar of Okawaru.
  1227 | D:4      | Noticed Robin
  1240 | D:4      | Killed Robin
  1241 | D:4      | Reached XP level 4. HP: 23/33 MP: 4/4
  1245 | D:4      | Reached skill level 1 in Armour
  1499 | D:4      | Found a shadowy altar of Dithmenos.
  1675 | D:4      | Noticed a scorpion
  1687 | D:4      | Killed a scorpion
  1688 | D:4      | Reached skill level 1 in Stealth
  1688 | D:4      | Reached XP level 5. HP: 39/39 MP: 5/5
  2037 | D:4      | Noticed an ogre
  2042 | D:4      | Noticed Menkaure
  2052 | D:4      | Reached skill level 4 in Axes
  2052 | D:4      | Reached skill level 1 in Evocations
  2054 | D:4      | Mangled by Menkaure

Illustrated notes

Levels and vault maps discovered:
D:1:      lemuel_arrival_broad_hall, layout_loops_ring,
          ebering_ecumenical_altar_webs, patterned_corridor
D:2:      layout_loops_ring, basic_altar
D:4:      minmay_clustersquares, layout_loops_ring, okawaru_metal_pillars_3,
          mainiacjoe_overflow_alcove_4, grunt_dithmenos_smoke,
          guppyfry_shop_venom, uniq_robin, uniq_menkaure

Skill      XL: |  1  2  3  4  5 |
---------------+----------------+-----
Dodging        | 3 |  3.5
Axes           | 3 4 |  4.0
Throwing       | 2 |  2.2
Armour         | 1 |  1.6
Stealth        | 1 |  1.1
Evocations     | 1 |  1.0
Fighting       | |  2.5
Spellcasting   | |  0.8

Action                     |  1- 3 |  4- 6 || total
---------------------------+-------+-------++-------
  Melee: War axe           |   108 |    66 ||   174
         Punch             |     1 |     1 ||     2
  Throw: Javelin           |       |     4 ||     4
         Dart              |       |     2 ||     2
    Use: Potion            |       |     2 ||     2
   Stab: Sleeping          |     1 |       ||     1
 Armour: Leather armour    |    21 |       ||    21
         Ring mail         |    14 |    33 ||    47
  Dodge: Dodged            |    73 |    40 ||   113

Table legend: (Time is in decaauts)
 A = Elapsed time spent in this place.
 B = Non-inter-level travel time spent in this place.
 C = Inter-level travel time spent in this place.
 D = Time resting spent in this place.
 E = Time spent auto-exploring this place.
 F = Levels seen in this place.
 G = Mean time per level.
                   A        B        C        D        E       F      G
               +--------+--------+--------+--------+--------+-----+--------+
         Total |   2113 |   2069 |     44 |      0 |   1522 |   3 |  704.3 |
       Dungeon |   2113 |   2069 |     44 |      0 |   1522 |   3 |  704.3 |
               +--------+--------+--------+--------+--------+-----+--------+

Top non-repeatable levels by time:
     D:1: 971 daAuts
     D:4: 861 daAuts
     D:2: 280 daAuts
